 Dungeon Crawl Stone Soup version 0.17.0-28-g6e173f8 (webtiles) character file.

40 coffecat the Firebug (level 3, -3/26 HPs)
             Began as a Demigod Fire Elementalist on Nov 26, 2015.
             Slain by skk's ghost (19 damage)
             ... on level 3 of the Dungeon.
             The game lasted 00:10:56 (1120 turns).

coffecat the Firebug (Demigod Fire Elementalist)    Turns: 1120, Time: 00:10:58

Health: -3/26      AC:  2    Str: 11    XL:     3   Next: 14%
Magic:  3/8        EV: 13    Int: 21    God:
Gold:   62         SH:  0    Dex: 16    Spells: 2 memorised, 2 levels left

rFire  . . .     SeeInvis .     (no weapon)
rCold  . . .     Clarity  .     e - +0 robe
rNeg   . . .     SustAt   +     (no shield)
rPois  .         Gourm    +     (no helmet)
rElec  .         Spirit   .     (no cloak)
rCorr  .         Warding  .     (no gloves)
rMut   .         Stasis   .     (no boots)
MR     .....                    h - amulet of the gourmand
Stlth  ++........               (no ring)
                                (no ring)

@: very slightly contaminated, not resistant to hostile enchantments, unstealthy
A: high mp 1, sustain attributes
a: no special abilities


You were on level 3 of the Dungeon.
You were not hungry.

You visited 1 branch of the dungeon, and saw 3 of its levels.

You collected 62 gold pieces.

Inventory:

Missiles
 j - 13 arrows of frost
Armour
 a - a +0 robe
 e - a +0 robe (worn)
Jewellery
 h - an amulet of the gourmand (around neck)
Scrolls
 k - a scroll of noise {unknown}
Potions
 f - a potion of degeneration {unknown}
 i - a potion of agility {unknown}
Books
 b - a book of Flames

   Spells                             Type                      Level
   a - Flame Tongue                   Conjuration/Fire             1
   b - Throw Flame                    Conjuration/Fire             2
   c - Conjure Flame                  Conjuration/Fire             3
   d - Inner Flame                    Hexes/Fire                   3
   e - Sticky Flame                   Conjuration/Fire             4
   f - Fireball                       Conjuration/Fire             5
Comestibles
 c - a bread ration
 g - a meat ration


   Skills:
 + Level 2.1 Dodging
 + Level 1.9 Stealth
 + Level 2.2 Spellcasting
 + Level 1.2 Conjurations
 + Level 3.2 Fire Magic


You had 2 spell levels left.
You knew the following spells:

 Your Spells              Type           Power        Failure   Level  Hunger
a - Flame Tongue          Conj/Fire      ##...        8%          1    #......
b - Conjure Flame         Conj/Fire      ##......     21%         3    ###....


Dungeon Overview and Level Annotations

Branches:
Dungeon (3/15)

Annotations:
D:3 skk's ghost, amateur MiGl


Innate Abilities, Weirdness & Mutations

You have an increased reservoir of magic (+10% MP).
Your attributes are resistant to harm.


Message History

Confirm with . or Enter, or press ? or * to list all spells.
Aiming: Flame Tongue
Press: ? - help, Shift-Dir - straight line, f - hobgoblin, p - skk's ghost
Aim: a hobgoblin, wielding a club You miscast Flame Tongue.
You are very lightly contaminated with residual magic.
You feel uncomfortably hot. The hobgoblin closely misses you.
Skk's ghost completely misses you.
Casting: Flame Tongue
Confirm with . or Enter, or press ? or * to list all spells.
Aiming: Flame Tongue
Press: ? - help, Shift-Dir - straight line, f/p - hobgoblin
Aim: a hobgoblin, wielding a club The flame tongue hits the hobgoblin.
The hobgoblin is moderately wounded.
The hobgoblin completely misses you.
Skk's ghost hits you but does no damage.
You are electrocuted!
Ouch! That really hurt!
You die...

############
#.....g@W..###########
..########..........!.
#......##### #.####.#
#.# #.# #.# ##.####
#.# #.....#
#.###...#.# #.....#.#
#


You could see skk's ghost and a hobgoblin.

Vanquished Creatures
  An adder (D:2)
  An ooze (D:2)
  A worm (D:2)
  2 giant geckos
  A giant cockroach (D:2)
  3 hobgoblins
  2 jackals (D:2)
  A quokka (D:2)
  3 bats
  A giant newt (D:2)
  3 goblins (D:2)
  4 rats
23 creatures vanquished.

Notes
Turn   | Place    | Note
--------------------------------------------------------------
     0 | D:1      | coffecat the Demigod Fire Elementalist began the quest for the Orb.
     0 | D:1      | Reached XP level 1. HP: 14/14 MP: 5/5
   234 | D:1      | Reached skill level 1 in Conjurations
   348 | D:2      | Reached skill level 3 in Fire Magic
   348 | D:2      | Reached XP level 2. HP: 15/20 MP: 2/7
   566 | D:2      | Found a burning altar of Makhleb.
   799 | D:2      | Reached XP level 3. HP: 24/26 MP: 5/8
  1024 | D:3      | Learned a level 3 spell: Conjure Flame
  1084 | D:3      | Noticed skk's ghost (amateur MiGl)
  1120 | D:3      | Slain by skk's ghost

Action                   || total
-------------------------++-------
Melee: Unarmed           ||     6
 Cast: Flame Tongue      ||    50
       Conjure Flame     ||     3
  Use: Scroll            ||     1
  Eat: Chunk             ||     6
